 Dungeon Crawl Stone Soup version 0.27-a0-1122-g2a214b436d (webtiles) character file.

Game seed: 5262232502353023450

92 Froggeryz the Digger (level 4, 0/45 HPs)
             Began as a Troll Earth Elementalist on May 3, 2021.
             Was a Believer of Jiyva.
             Slain by Grinder (3 damage)
             ... while paralysed by Grinder
             ... on level 3 of the Dungeon.
             The game lasted 00:03:13 (2056 turns).

Froggeryz the Digger (Troll Earth Elementalist)     Turns: 2056, Time: 00:03:14

Health: 0/45       AC:  5    Str: 14    XL:     4   Next: 35%
Magic:  4/4        EV:  1    Int: 15    God:    Jiyva [**....]
Gold:   97         SH:  0    Dex: 11    Spells: 4/5 levels left

rFire    . . .     SeeInvis .     - Unarmed
rCold    . . .     Faith    .   (no shield)
rNeg     . . .     Spirit   .   c - +0 robe
rPois    .         Reflect  .   (helmet restricted)
rElec    .         Harm     .   l - +0 cloak
rCorr    .         Rampage  .   (gloves unavailable)
Will     .....                  (boots unavailable)
Stlth    +.........             (no amulet)
HPRegen  1.15/turn              (no ring)
MPRegen  0.09/turn              (no ring)

@: paralysed
A: large, unfitting armour, claws 3, regeneration 1, shaggy fur 1, tough skin 1,
clever 1, robust 1
a: Renounce Religion, Request Jelly


You were on level 3 of the Dungeon.
You worshipped Jiyva.
Jiyva was pleased with you.
You visited 1 branch of the dungeon, and saw 3 of its levels.

You collected 97 gold pieces.

Inventory:

Missiles
 b - 101 stones
Armour
 c - a +0 robe (worn)
 l - a +0 cloak (worn)
Magical Staves
 e - a staff of earth
 m - a staff of death
Scrolls
 i - a scroll of immolation
 j - 4 scrolls of identify
 k - 2 scrolls of teleportation
 n - a scroll of torment {unknown}
Potions
 d - a potion of attraction
 h - a potion of cancellation


   Skills:
 + Level 1.0 Fighting
 - Level 1.5 Dodging
 - Level 1.0 Stealth
 * Level 2.6 Unarmed Combat
 - Level 1.2 Spellcasting
 - Level 0.6 Transmutations
 - Level 3.5 Earth Magic


You had 4 spell levels left.
You knew the following spells:

 Your Spells              Type           Power      Damage    Failure   Level
a - Sandblast             Erth           22%        2d7       5%          1

Your spell library contained the following spells:

 Spells                   Type           Power      Damage    Failure   Level
 Passwall                 Tmut/Erth      5%         N/A       16%         2
 Stone Arrow              Conj/Erth      12%        3d7       34%         3
 Petrify                  Tmut/Erth      7%         N/A       71%         4
 Lee's Rapid Deconstruct  Erth           5%         3d7*      83%         5


Dungeon Overview and Level Annotations

Branches:
Dungeon (3/15)

Altars:
Cheibriados
Jiyva

Annotations:
D:3 Grinder


Innate Abilities, Weirdness & Mutations

You are too large for most types of armour.
You have claws for hands.
Your natural rate of healing is unusually fast.
You are covered in fur. (AC +1)
You have tough skin. (AC +1)
Your mind is acute. (Int +2)
You are robust. (+10% HP)


Message History

You claw Grinder!
Grinder is moderately wounded.
Grinder hits you.
You writhe in agony.
You barely miss Grinder.
Grinder is moderately wounded.
Grinder barely misses you.
You closely miss Grinder.
Grinder is moderately wounded.
Grinder barely misses you.
You closely miss Grinder.
Grinder is moderately wounded.
You scratch Grinder.
Grinder is moderately wounded.
Grinder gestures at you. Pain shoots through your body!
You scratch Grinder.
Grinder is moderately wounded.
Grinder hits you!
You barely miss Grinder.
Grinder is moderately wounded.
Grinder blinks!
You barely miss Grinder.
Grinder is moderately wounded.
Grinder gestures at you. Pain shoots through your body!
You scratch Grinder.
Grinder is heavily wounded.
Grinder hits you but does no damage.
You barely miss Grinder.
Grinder is heavily wounded.
Grinder gestures at you.
You suddenly lose the ability to move!
Grinder completely misses you. Grinder hits you.
You writhe in agony.
Grinder hits you.
* * * LOW HITPOINT WARNING * * *
Grinder hits you!
* * * LOW HITPOINT WARNING * * *
You writhe in agony.
You die...

#$....# #.......# #...#.
#"....### #.).....# ###.#.
...#...# #.......# #.#. #.#...#
#.......# #.#.
#.....#######'#+#### #.#.
#...........#.#l###### #.#.
#...........#.#<##..(# #.#.
#...........#.####...## #.#.
####...........#@##......#####.#.
...............5..............>..
##'###.#########.##......#####.#.
....##.# #...............#.
....##.# ####........#####.
.......# #............#. #......#
###......###.#. .......#
#......###.#. .......#
#............


You could see Grinder.

Vanquished Creatures
  2 adders
  2 dart slugs
  5 bats
  5 endoplasms (D:1)
  A giant cockroach (D:1)
  5 goblins
  3 hobgoblins
  13 jackals
  12 kobolds
  4 quokkas (D:1)
  2 ball pythons
  2 frilled lizards (D:1)
  5 rats
61 creatures vanquished.

Vanquished Creatures (others)
  Robin (D:2)
  An adder (D:2)
  An endoplasm (D:2)
  A ball python (D:2)
  A bat (D:2)
  6 goblins (D:2)
  4 hobgoblins (D:2)
  A kobold (D:2)
16 creatures vanquished.

Grand Total: 77 creatures vanquished

Notes
Turn   | Place    | Note
-------+----------+-------------------------------------------
     0 | D:1      | Froggeryz the Troll Earth Elementalist began the quest for
                  | the Orb.
     0 | D:1      | Reached XP level 1. HP: 16/16 MP: 1/1
    67 | D:1      | Reached skill level 3 in Earth Magic
    84 | D:1      | Reached XP level 2. HP: 24/24 MP: 2/2
   174 | D:1      | Reached skill level 1 in Unarmed Combat
   370 | D:1      | Reached XP level 3. HP: 31/31 MP: 3/3
   577 | D:1      | Found a faded altar of an unknown god.
   596 | D:1      | Became a worshipper of Jiyva Jaonyfuq the Shapeless
   596 | D:1      | Reached * piety under Jiyva
   841 | D:2      | Found a snail-covered altar of Cheibriados.
   895 | D:2      | Killed Robin
   981 | D:2      | Reached XP level 4. HP: 38/40 MP: 4/4
  1284 | D:2      | Reached ** piety under Jiyva
  1929 | D:3      | Reached skill level 1 in Fighting
  2004 | D:3      | Noticed Grinder
  2032 | D:3      | Gained mutation: You are robust. (+10% HP) [potion of
                  | mutation]
  2032 | D:3      | Gained mutation: Your mind is acute. (Int +2) [potion of
                  | mutation]
  2052 | D:3      | Paralysed by Grinder for 4 turns
  2056 | D:3      | Slain by Grinder

Illustrated notes

Levels and vault maps discovered:
D:1:      lemuel_arrival_funnel, layout_basic,
          hellmonk_ecumenical_altar_arch_garden, due_unseen_surprise
D:2:      layout_loops_corners, basic_altar, uniq_robin
D:3:      layout_basic, uniq_grinder

Skill      XL: |  1  2  3  4 |
---------------+-------------+-----
Earth Magic    | 3 |  3.5
Unarmed Combat | 1 2 |  2.6
Fighting       | 1 |  1.0
Dodging        | |  1.5
Stealth        | |  1.0
Spellcasting   | |  1.2
Transmutations | |  0.6

Action                   |  1- 3 |  4- 6 || total
-------------------------+-------+-------++-------
Melee: Unarmed           |   146 |    51 ||   197
       Punch             |     1 |       ||     1
 Cast: Sandblast         |     2 |     1 ||     3
  Use: Scroll            |       |     5 ||     5
       Potion            |       |     4 ||     4
 Stab: Sleeping          |     1 |     2 ||     3
Armor: Robe              |    58 |    15 ||    73
Dodge: Dodged            |    71 |    18 ||    89

Table legend: (Time is in decaauts)
 A = Elapsed time spent in this place.
 B = Non-inter-level travel time spent in this place.
 C = Inter-level travel time spent in this place.
 D = Time resting spent in this place.
 E = Time spent auto-exploring this place.
 F = Levels seen in this place.
 G = Mean time per level.
                   A        B        C        D        E       F      G
               +--------+--------+--------+--------+--------+-----+--------+
         Total |   2041 |   1986 |     55 |      0 |   1550 |   3 |  680.3 |
       Dungeon |   2041 |   1986 |     55 |      0 |   1550 |   3 |  680.3 |
               +--------+--------+--------+--------+--------+-----+--------+

Top non-repeatable levels by time:
     D:2: 928 daAuts
     D:1: 696 daAuts
     D:3: 416 daAuts
